 Dungeon Crawl Stone Soup version 0.30-a0-1161-g0704695555 (webtiles) character file.

Game seed: 7280108220925203953

10981 BlueFish the Covert (level 11, 0/82 HPs)
             Began as an Octopode Fighter on Apr 28, 2023.
             Slain by an acid dragon (1 damage)
             ... on level 11 of the Dungeon.
             The game lasted 00:26:59 (12447 turns).

BlueFish the Covert (Octopode Fighter)             Turns: 12447, Time: 00:27:00

Health: 0/82       AC: -4    Str: 19      XL:     11   Next: 70%
Magic:  16/16      EV: 14    Int: 12      God:
Gold:   520        SH:  5    Dex:  9 (11) Spells: 15/17 levels left

rFire   . . .        a - +2 eveningstar (protect)
rCold   . . .        o - +0 buckler
rNeg    . . .        (helmet restricted)
rPois   .            h - amulet of the acrobat
rElec   .            p - ring of wizardry
rCorr   .            E - +4 ring of slaying
SInv    .            G - ring of willpower
Will    +....        (no ring)
Stlth   ++++++       (no ring)
HPRegen 0.33/turn    (no ring)
MPRegen 0.15/turn    (no ring)
                     (no ring)

%: acrobat, wizardry (x1)
@: corroded, under a protective aura, studying Fighting
A: almost no armour, amphibious, 8 rings, camouflage 1, gelatinous body 1,
(nimble swimmer 1), tentacles
a: no special abilities


You were on level 11 of the Dungeon.
You visited 1 branch of the dungeon, and saw 11 of its levels.
You also visited: Ossuary and Bailey.

You collected 957 gold pieces.
You spent 437 gold pieces at shops.

Inventory:

Hand Weapons
 a - a +2 eveningstar of protection (weapon)
 b - a +2 sling of flaming
 C - a +1 heavy flail
Missiles
 j - 2 throwing nets
 k - 129 stones (quivered)
 r - 6 boomerangs
 t - 33 poisoned darts
 P - 9 curare-tipped darts
Armour
 o - a +0 buckler (worn)
 I - a +0 tower shield
Jewellery
 h - an amulet of the acrobat (around mantle)
 p - a ring of wizardry (left tentacle)
 E - a +4 ring of slaying (right tentacle)
 G - a ring of willpower (on tentacle)
Wands
 d - a wand of flame (22)
 q - a wand of mindburst (6)
 s - a wand of roots (8)
 D - a wand of polymorph (1)
Scrolls
 g - 2 scrolls of amnesia
 i - 6 scrolls of teleportation
 l - a scroll of immolation {unknown}
 v - a scroll of silence
 w - 5 scrolls of enchant weapon
 y - 3 scrolls of magic mapping
 A - 4 scrolls of fog
 H - 2 scrolls of brand weapon
 K - a scroll of enchant armour {unknown}
 N - a scroll of blinking
 O - 2 scrolls of fear
 Q - a scroll of poison
Potions
 c - 4 potions of might
 e - 2 potions of berserk rage
 f - 4 potions of curing
 m - 3 potions of brilliance
 n - a potion of resistance
 u - 2 potions of lignification
 x - a potion of magic
 z - 2 potions of flight
 B - 2 potions of mutation
 F - a potion of attraction
 L - a potion of heal wounds
 R - a potion of degeneration {unknown}
Miscellaneous
 M - a lightning rod (4/4)


   Skills:
 * Level 10.8 Fighting
 + Level 6.0 Maces & Flails
 + Level 5.5 Throwing
 + Level 6.5 Dodging
 * Level 11.6 Stealth
 + Level 6.7 Shields
 + Level 3.6 Spellcasting
 + Level 4.0 Transmutations
 + Level 4.0 Earth Magic
 + Level 4.4 Evocations


You had 15 spell levels left.
You knew the following spells:

 Your Spells              Type           Power      Damage    Failure   Level
a - Passwall              Tmut/Erth      9%         N/A       3%          2

Your spell library contained the following spells:

 Spells                   Type           Power      Damage    Failure   Level
 Beastly Appendage        Tmut           22%        N/A       2%          1
 Wereblood                Tmut           11%        N/A       3%          2
 Spider Form              Tmut/Pois      7%         N/A       14%         3
 Ensorcelled Hibernation  Hex/Ice        4%         N/A       16%         2
 Scorch                   Fire           4%         2d5       16%         2
 Frozen Ramparts          Ice            4%         1d1       32%         3
 Swiftness                Air            2%         N/A       32%         3
 Ice Form                 Ice/Tmut       7%         N/A       41%         4
 Flame Wave               Conj/Fire      2%         2d4       69%         4
 Summon Ice Beast         Ice/Summ       2%         N/A       69%         4
 Alistair's Intoxication  Tmut/Pois      4%         N/A       75%         5
 Borgnjor's Vile Clutch   Necr/Erth      3%         N/A       75%         5
 Eringya's Noxious Bog    Tmut/Pois      3%         N/A       99%         6
 Summon Cactus Giant      Summ           1%         N/A       100%        6


Dungeon Overview and Level Annotations

Branches:
Dungeon (11/15)            Temple (0/1) D:7            Lair (0/5) D:9
Ossuary (visited)          Bailey (visited)
    Orc: D:9-12

Altars:
Ashenzari
Cheibriados
Gozag
Okawaru
Qazlal
Sif Muna
Uskayaw
Zin
The Shining One

Shops:
D:5 (?   D:10 *?

Annotations:
D:5 2 transporters


Innate Abilities, Weirdness & Mutations

You cannot wear most types of armour.
You are amphibious.
You can wear up to eight rings at the same time.
Your skin changes colour to match your surroundings (Stealth+).
Your rubbery body absorbs attacks. (AC +1, EV +1)
((You are camouflaged when in or above water. (Stealth+)))
You have tentacles for arms and can constrict up to eight enemies at once.


Message History

Your weapon exudes an aura of protection.
The acid dragon is severely wounded.
The acid dragon spits acid at you. The splash of acid hits you.
You hit the acid dragon but do no damage.
The acid dragon is severely wounded.
The acid dragon spits acid at you. The splash of acid hits you!
The acid corrodes you!
The acid dragon bites you but does no damage.
The acid dragon claws you but does no damage.
You hit the acid dragon.
You squeeze the acid dragon, but do no damage.
The acid dragon is severely wounded.
The acid dragon spits acid at you. The splash of acid hits you!!
The acid corrodes you!
You closely miss the acid dragon.
The acid dragon is severely wounded.
The acid dragon barely misses you. The acid dragon misses you.
You closely miss the acid dragon.
The acid dragon is severely wounded.
The acid dragon bites you! The acid dragon claws you.
You hit the acid dragon.
You squeeze the acid dragon, but do no damage.
The acid dragon is almost dead.
The acid dragon barely misses you. The acid dragon closely misses you.
You barely miss the acid dragon.
You squeeze the acid dragon, but do no damage.
The acid dragon is almost dead.
The acid dragon spits acid at you. The splash of acid hits you!!
* * * LOW HITPOINT WARNING * * *
The acid corrodes you! The acid dragon bites you.
* * * LOW HITPOINT WARNING * * *
The acid dragon closely misses you.
Aiming: Mindburst
Press: ? - help, Shift-Dir - straight line, f - acid dragon
Aim: an acid dragon (almost dead, catching its breath, chance to affect: 80%)
The acid dragon barely resists.
The acid dragon barely misses you. The acid dragon claws you.
You die...

#.....................
#....................
##...................
....................
###................
####............
##..........
####.[......
#@..........
#D.####...... #..##
##.... #... ##.. ###.
.. ##


You could see an acid dragon (catching breath).

Vanquished Creatures
  A two-headed ogre (D:7)
  An orc knight (Bailey)
  A deep elf zephyrmancer (D:7)
  A deep elf pyromancer (Bailey)
  7 gargoyles
  A kobold demonologist (D:10)
  A komodo dragon (D:11)
  3 wyverns
  14 yaks
  A steam dragon (D:9)
  An acid dragon (D:10)
  2 water moccasins
  6 orc warriors
  An ice beast (D:8)
  A sky beast (D:8)
  A black bear (D:4)
  4 centaurs
  A phantom (D:7)
  3 kobold brigands
  3 elf zombies (Ossuary)
  A gnoll sergeant (D:10)
  7 bullfrogs
  2 scorpions
  4 howler monkeys
  2 centaur zombies (Ossuary)
  A human zombie (Ossuary)
  3 gnoll boudas
  6 orc priests
  5 hounds
  2 iguanas
  8 orc wizards
  A hound zombie (Ossuary)
  3 mummies (Ossuary)
  8 adders
  23 gnolls
  A shadow imp (D:8)
  4 white imps
  An ufetubus (D:5)
  3 worms (D:2)
  2 dart slugs
  14 orcs
  7 bats
  5 endoplasms
  2 giant cockroaches (D:2)
  2 goblins
  6 hobgoblins
  3 quokkas
  4 ball pythons
  A gnoll zombie (Ossuary)
  3 goblin zombies (Ossuary)
  2 hobgoblin zombies (Ossuary)
  8 jackal zombies (Ossuary)
  15 kobolds
  3 kobold zombies (Ossuary)
  An orc zombie (Ossuary)
  3 quokka zombies (Ossuary)
  5 rats
  4 rat zombies (Ossuary)
229 creatures vanquished.

Vanquished Creatures (others)
  A rat (D:3)
1 creature vanquished.

Grand Total: 230 creatures vanquished

Notes
Turn   | Place    | Note
-------+----------+-------------------------------------------
     0 | D:1      | BlueFish the Octopode Fighter began the quest for the Orb.
     0 | D:1      | Reached XP level 1. HP: 16/16 MP: 1/1
   156 | D:1      | Reached skill level 1 in Stealth
   159 | D:1      | Reached XP level 2. HP: 21/21 MP: 2/2
   342 | D:1      | Reached skill level 2 in Stealth
   342 | D:1      | Reached XP level 3. HP: 21/26 MP: 3/3
   976 | D:2      | Reached XP level 4. HP: 31/31 MP: 4/4
  1829 | D:3      | Reached skill level 3 in Stealth
  1898 | D:3      | Found a glowing silver altar of Zin.
  2038 | D:3      | Reached skill level 1 in Throwing
  2236 | D:4      | Found a shimmering blue altar of Sif Muna.
  2306 | D:4      | Found a sand-covered staircase.
  2312 | Ossuary  | Entered an ossuary
  2342 | Ossuary  | Reached XP level 5. HP: 18/36 MP: 5/5
  2446 | Ossuary  | Reached skill level 4 in Stealth
  2566 | Ossuary  | Reached XP level 6. HP: 39/43 MP: 6/6
  2789 | Ossuary  | Reached skill level 5 in Stealth
  2861 | Ossuary  | Reached XP level 7. HP: 43/47 MP: 7/7
  3073 | D:4      | Found a hide-covered altar of Uskayaw.
  3076 | D:4      | Noticed a +0 hand axe
  3077 | D:4      | Noticed a +0 hand axe
  3682 | D:5      | Entered Level 5 of the Dungeon
  3685 | D:5      | Found a transporter.
  3834 | D:5      | Reached skill level 6 in Stealth
  3843 | D:5      | Identified 2 scrolls of acquirement
  3843 | D:5      | Acquired a +2 eveningstar of protection
  3847 | D:5      | Acquired a manual of Fighting
  4101 | D:5      | Found a broken altar of Ashenzari.
  4173 | D:5      | Found Ymyb's Firing Range.
  4215 | D:5      | Found Juoschou's Magic Scroll Shop.
  4258 | D:5      | Reached XP level 8. HP: 51/54 MP: 8/8
  4269 | D:5      | Found a transporter.
  4507 | D:5      | Reached skill level 5 in Fighting
  4744 | D:6      | Reached skill level 7 in Stealth
  4823 | D:6      | Found a stormy altar of Qazlal.
  6070 | D:7      | Learned a level 2 spell: Passwall
  6127 | D:7      | Reached skill level 5 in Shields
  6157 | D:7      | Reached skill level 8 in Stealth
  6161 | D:7      | Reached skill level 5 in Dodging
  6161 | D:7      | Reached XP level 9. HP: 28/63 MP: 8/10
  6301 | D:7      | Reached skill level 1 in Evocations
  6371 | D:7      | Found a staircase to the Ecumenical Temple.
  6426 | D:7      | Found an opulent altar of Gozag.
  6434 | D:7      | Found a snail-covered altar of Cheibriados.
  6453 | D:7      | Reached skill level 1 in Spellcasting
  6562 | D:7      | Noticed a gargoyle
  6568 | D:7      | Killed a gargoyle
  6569 | D:7      | Reached skill level 1 in Transmutations
  6569 | D:7      | Reached skill level 1 in Earth Magic
  6578 | D:7      | Noticed a gargoyle
  6585 | D:7      | Killed a gargoyle
  6780 | D:7      | Noticed a gargoyle
  6789 | D:7      | Killed a gargoyle
  6790 | D:7      | Reached skill level 9 in Stealth
  6874 | D:7      | Noticed a gargoyle
  6880 | D:7      | Killed a gargoyle
  7042 | D:7      | Noticed a gargoyle
  7048 | D:7      | Killed a gargoyle
  7049 | D:7      | Reached XP level 10. HP: 45/72 MP: 11/13
  7142 | D:7      | Noticed a gargoyle
  7147 | D:7      | Killed a gargoyle
  7148 | D:7      | Reached skill level 5 in Maces & Flails
  7375 | D:7      | Noticed a deep elf zephyrmancer
  7527 | D:7      | Killed a deep elf zephyrmancer
  7679 | D:8      | Noticed a two-headed ogre
  7693 | D:7      | Killed a two-headed ogre
  7694 | D:7      | Reached skill level 10 in Stealth
  8082 | D:8      | Found a glowing golden altar of the Shining One.
  9091 | D:8      | Reached skill level 5 in Throwing
  9091 | D:8      | Reached XP level 11. HP: 81/81 MP: 15/15
  9139 | D:9      | Found an iron altar of Okawaru.
  9534 | D:9      | Found a staircase to the Lair.
 10018 | D:9      | Reached skill level 10 in Fighting
 10116 | D:10     | Entered Level 10 of the Dungeon
 10152 | D:10     | Reached skill level 11 in Stealth
 10295 | D:10     | Found a flagged portal.
 10303 | D:10     | Identified the +9 halberd "Honubone" {freeze, Str+3 Dex+6}
 10306 | Bailey   | Entered a bailey
 10462 | Bailey   | Found a large runed translucent door.
 10462 | Bailey   | Found a large runed translucent door.
 10463 | Bailey   | Noticed a deep elf pyromancer
 10478 | Bailey   | Noticed an orc knight
 11011 | Bailey   | Killed an orc knight
 11136 | Bailey   | Killed a deep elf pyromancer
 11614 | D:10     | Found Todoce's Magic Scroll Shop.
 11623 | D:10     | Bought a scroll of blinking for 82 gold pieces
 11623 | D:10     | Bought a scroll of fog for 44 gold pieces
 11623 | D:10     | Bought a scroll of fear for 44 gold pieces
 11623 | D:10     | Bought a scroll of fear for 44 gold pieces
 11680 | D:10     | Noticed a sun demon
 11866 | D:10     | Found Dajacan's Serpentskin Sales.
 11870 | D:10     | Bought 5 curare-tipped darts for 78 gold pieces
 11870 | D:10     | Bought 4 curare-tipped darts for 62 gold pieces
 11870 | D:10     | Bought a scroll of poison for 52 gold pieces
 11870 | D:10     | Bought 4 poisoned darts for 31 gold pieces
 12446 | D:11     | HP: 1/82 [acid dragon (5)]
 12447 | D:11     | Slain by an acid dragon

Illustrated notes

Levels and vault maps discovered:
D:1:      lemuel_arrival_tunnels, layout_loops_cross
D:2:      layout_basic, minivault_4
D:3:      layout_basic, zin_academy, minivault_4, grunt_decor_cap,
          minmay_misc_feat_square, lemuel_flame_loot_1
D:4:      cheibrodos_old_hovel, layout_basic, dancing_weapons_uskayaw,
          led_sif_pool, enter_ossuary_5
D:5:      gammafunk_steamed_eel, layout_loops_cross,
          mainiacjoe_overflow_small_starburst, serial_shops,
          nicolae_shop_crystal, amcnicky_mini_corridor_feature,
          nicolae_shop_firing_range
D:6:      wad_crossroads, layout_basic, nicolae_qazlal_general_emergency,
          minmay_door_square, small_statue_intersection
D:7:      cheibrodos_statue_roulette, layout_loops_ring,
          mainiacjoe_overflow_big_doors, minmay_temple_entry_steel_oval,
          skrybe_limestone_x, guppyfry_early_elven_hall
D:8:      layout_basic, nicolae_overflow_hidden_temple
D:9:      layout_basic, mainiacjoe_overflow_boulevard, lair_entry_dummy
D:10:     layout_basic, serial_glass, glass_columns_b, glass_columns_a,
          glass_columns_a, glass_columns_c, glass_columns_a, glass_columns_c,
          glass_columns_b, glass_columns_a, glass_columns_c, glass_columns_c,
          glass_columns_b, glass_columns_b, glass_columns_b, glass_columns_b,
          enter_bailey_2, serial_shops, nicolae_lakefront_shop,
          minmay_misc_feat_five, guppyfry_shop_venom
D:11:     layout_layer_cave, erik_orc_2

Skill      XL: |  1  2  3  4  5  6  7  8  9 10 11 |
---------------+----------------------------------+-----
Stealth        | 1 2 3 4 5 6 8 9 10 11 | 11.6
Throwing       | 1 2 3 4 5 |  5.5
Maces & Flails | 3 4 5 6 |  6.0
Shields        | 4 5 6 |  6.7
Dodging        | 4 5 6 |  6.5
Fighting       | 4 6 8 9 10 | 10.8
Evocations     | 2 3 4 |  4.4
Spellcasting   | 2 3 |  3.6
Transmutations | 2 3 4 |  4.0
Earth Magic    | 2 3 4 |  4.0

Action                     |  1- 3 |  4- 6 |  7- 9 | 10-12 || total
---------------------------+-------+-------+-------+-------++-------
  Melee: Mace              |    31 |       |       |       ||    31
         Constrict         |    16 |    16 |    34 |    32 ||    98
         Tentacles         |     9 |    21 |    38 |    67 ||   135
         Flail             |     1 |       |     6 |       ||     7
         Whip              |    17 |    90 |    25 |       ||   132
         Eveningstar       |       |       |    98 |   220 ||   318
         Punch             |       |       |     3 |     1 ||     4
   Fire: Sling             |       |    95 |    71 |    87 ||   253
  Evoke: Wand              |       |       |       |     1 ||     1
    Use: Scroll            |       |     6 |    10 |     5 ||    21
         Potion            |       |       |     2 |     2 ||     4
   Stab: Sleeping          |    11 |     1 |     2 |     5 ||    19
         Distracted        |       |       |       |     1 ||     1
 Armour: Skin              |       |     4 |     9 |    24 ||    37
  Dodge: Dodged            |    22 |    45 |    76 |   110 ||   253
  Block: Buckler           |    10 |    18 |    37 |    45 ||   110

Table legend: (Time is in decaauts)
 A = Elapsed time spent in this place.
 B = Non-inter-level travel time spent in this place.
 C = Inter-level travel time spent in this place.
 D = Time resting spent in this place.
 E = Time spent auto-exploring this place.
 F = Levels seen in this place.
 G = Mean time per level.
                   A        B        C        D        E       F      G
               +--------+--------+--------+--------+--------+-----+--------+
         Total |  12540 |  12179 |    361 |   1095 |   8495 |  13 |  964.6 |
       Dungeon |  10962 |  10601 |    361 |   1040 |   7474 |  11 |  996.5 |
       Ossuary |    664 |    664 |      0 |      0 |    424 |   1 |  664.0 |
        Bailey |    913 |    913 |      0 |     55 |    597 |   1 |  913.0 |
               +--------+--------+--------+--------+--------+-----+--------+

Top non-repeatable levels by time:
     D:7: 2102 daAuts
     D:8: 1300 daAuts
     D:6: 1116 daAuts
     D:9: 1073 daAuts
     D:5: 976 daAuts
    D:10: 970 daAuts
  Bailey: 913 daAuts
     D:4: 851 daAuts
     D:1: 814 daAuts
     D:2: 722 daAuts
 Ossuary: 664 daAuts
     D:3: 655 daAuts
    D:11: 379 daAuts
